 Dungeon Crawl Stone Soup version 0.31.0-1-g2c135a0 (webtiles) character file.

Game seed: 9530834699604661174

93487 brinewave the Executioner (level 15, -3/147 HPs)
             Began as a Minotaur Berserker on Feb 2, 2024.
             Was the Champion of Trog.
             Killed by divine providence
             ... invoked by a meliai
              (7 damage)
             ... while petrified by a basilisk
             ... on level 14 of the Dungeon.
             The game lasted 01:01:50 (20810 turns).

brinewave the Executioner (Minotaur Berserker)     Turns: 20810, Time: 01:01:51

Health: -3/147     AC: 23    Str: 28    XL:     15   Next: 60%
Magic:  14/14      EV:  2    Int:  4    God:    Trog [******]
Gold:   780        SH:  0    Dex: 11    Spells: 14/14 levels left

rFire   . . .        v - +8 executioner's axe (venom)
rCold   + + .        (shield currently unavailable)
rNeg    + + +        O - +0 plate armour {rC+}
rPois   ∞            (helmet restricted)
rElec   .            (no cloak)
rCorr   .            n - +0 pair of gloves of Macaroni {rN++}
SInv    .            i - +2 pair of boots
Will    ++...        u - amulet of regeneration Stlth
                     G - ring of protection from cold
HPRegen 1.24/turn    N - ring of willpower
MPRegen 0.14/turn

%: no passive effects
@: petrified
A: horns 2, retaliatory headbutt
a: Renounce Religion, Berserk, Trog's Hand, Brothers in Arms


You were on level 14 of the Dungeon.
You worshipped Trog.
Trog was exalted by your worship.
You visited 4 branches of the dungeon, and saw 23 of its levels.

You collected 2508 gold pieces.
You spent 1728 gold pieces at shops.

Inventory:

Hand Weapons
 a - a +6 heavy executioner's axe
 v - a +8 executioner's axe of venom (weapon)
 H - the +2 hand axe "Ezeqodul" {flame, rF++ rC+}
   (You bought it in a shop on level 2 of the Orcish Mines)

   rF++:      It greatly protects you from fire.
   rC+:       It protects you from cold.
 R - a +4 antimagic battleaxe
Missiles
 b - 37 poisoned darts
 g - 4 throwing nets
 j - 16 boomerangs (quivered)
 q - 7 curare-tipped darts
 B - 12 javelins
Armour
 i - a +2 pair of boots (worn)
 n - the +0 pair of gloves of Macaroni (worn) {rN++}
   (You bought it in a shop on level 2 of the Orcish Mines)

   rN++:      It greatly protects you from negative energy.
 y - a +1 plate armour of poison resistance
 O - a +0 plate armour of cold resistance (worn)
 T - the +2 cloak "Suas" {rElec rF- rC+++ Dex-5}
   (You bought it in a shop on level 2 of the Orcish Mines)

   Dex-5:     It affects your dexterity (-5).
   rF-:       It makes you vulnerable to fire.
   rC+++:     It renders you almost immune to cold.
   rElec:     It insulates you from electricity.
Jewellery
 f - a ring of willpower
 s - a +6 ring of strength
 u - an amulet of regeneration (around neck)
 E - a ring of positive energy
 G - a ring of protection from cold (left hand)
 N - a ring of willpower (right hand)
Wands
 l - a wand of roots (30)
 o - a wand of acid (6)
 p - a wand of digging (13)
 r - a wand of mindburst (28)
 K - a wand of charming (8)
 L - a wand of flame (14)
 M - a wand of polymorph (9)
Scrolls
 e - a scroll of butterflies
 k - 8 scrolls of teleportation
 t - 2 scrolls of fear
 w - a scroll of enchant weapon
 x - a scroll of blinking
 z - a scroll of brand weapon
 C - a scroll of revelation
 F - 2 scrolls of enchant armour
 I - 2 scrolls of fog
 J - 2 scrolls of silence
Potions
 c - 3 potions of mutation
 d - 2 potions of might
 h - 3 potions of cancellation
 m - 8 potions of curing
 A - a potion of invisibility
 D - a potion of lignification
 P - 2 potions of haste
 Q - a potion of attraction {unknown}
 S - 2 potions of berserk rage


   Skills:
 + Level 17.2 Fighting
 * Level 23.2 Axes
 + Level 17.0 Armour
 - Level 2.1 Dodging


You had 14 spell levels left.
You didn't know any spells.
Your spell library was empty.

Dungeon Overview and Level Annotations

Branches:
Dungeon (15/15)            Temple (1/1) D:5            Lair (5/5) D:8
 Shoals (0/4) Lair:3        Snake (0/4) Lair:2        Slime (0/5) Lair:4
    Orc (2/2) D:11            Elf (0/3) Orc:2        Vaults (0/5) D:13
 Depths (0/4) D:15

Altars:
Ashenzari
Cheibriados
Dithmenos
Elyvilon
Fedhas
Gozag
Hepliaklqana
Kikubaaqudgha
Makhleb
Nemelex Xobeh
Okawaru
Qazlal
Ru
Sif Muna
Trog
Uskayaw
Vehumet
Wu Jian
Xom
Yredelemnul
Zin
The Shining One

Shops:
Orc:2 *([*?

Portals:
Hell: Lair:5

Annotations:
D:3 1 runed translucent door, Crazy Yiuf
D:10 2 transporters, Agrajag's ghost, journeyman DjCK
D:12 exclusion: ice statue


Innate Abilities, Weirdness & Mutations

You have a pair of horns on your head.
You reflexively headbutt those who attack you in melee.


Message History

The meliai is healed somewhat.
The meliai hits you with a +0 hand axe.
* * * LOW HITPOINT WARNING * * *
The meliai stings you!
* * * LOW HITPOINT WARNING * * *
The meliai hits you with a +0 war axe.
* * * LOW HITPOINT WARNING * * *
The meliai stings you but does no damage.
The meliai hits you but does no damage. The meliai barely misses you.
The basilisk bites you but does no damage.
The meliai hits you but does no damage. The meliai barely misses you.
The meliai hits you with a +0 hand axe.
* * * LOW HITPOINT WARNING * * *
The meliai stings you but does no damage.
Your limbs are stiffening.
You feel better. The meliai hits you but does no damage.
The meliai stings you but does no damage.
The meliai hits you but does no damage. The meliai barely misses you. x2
The meliai stings you but does no damage.
The meliai hits you but does no damage.
The meliai stings you but does no damage.
The basilisk bites you!
* * * LOW HITPOINT WARNING * * *
The meliai hits you but does no damage.
The meliai stings you but does no damage.
The meliai barely misses you.
The meliai stings you but does no damage.
Your iron troll closely misses the basilisk.
Your iron troll claws the basilisk!
Your iron troll claws the basilisk!!
The basilisk gazes at you. You resist with almost no effort.
You have turned to stone.
The meliai hits you but does no damage.
The meliai stings you but does no damage.
The meliai hits you but does no damage.
The meliai stings you but does no damage.
The meliai hits you with a +0 war axe.
* * * LOW HITPOINT WARNING * * *
The meliai stings you but does no damage.
The meliai mumbles some strange prayers to its god against you.
Something smites you!
You die...

...............................#
.....................##..#..##.##
....######........#.........##..#
..................^..........#...
........#.....#..#####...........
..[..##.........## #.#.#.......
.......#.#.#...### #.#....##...
†....#.........yy# #.##...##...
#....###.......#@#####.##.#.#####
#.....##.....###.l........#...#..
#.....##..#.####T...............#
#..........................###.##
#....##.....#####..........# #.#
#........#.## #..........###.##
#####.###..### #..........)....#
#.........# #........†####...
#.......[.# #.........# #)..


You could see a basilisk (ally target), 2 meliai and a friendly iron troll
(summoned, berserk).

Vanquished Creatures
  Frances (D:13)
  A fire giant (D:15)
  An orc warlord (Orc:1)
  Snorg (D:14)
  Josephine (D:13)
  3 vault guards (D:13)
  6 hydras
  A hell beast (Lair:5)
  2 catoblepae
  An ironbound frostheart (D:13)
  A boulder beetle (D:13)
  4 two-headed ogres
  3 tengu warriors
  5 centaur warriors
  An occultist (Lair:5)
  2 orc high priests (Orc:2)
  Urug (Lair:4)
  4 skeletal warriors (D:9)
  Lodul (D:13)
  A slime creature (D:12)
  Pikel (D:7)
  3 deep elf pyromancers
  2 manticores
  4 orc knights
  4 cyclopes
  2 orc sorcerers (Orc:1)
  9 ugly things
  22 elephants
  6 kobold blastminers (Orc:2)
  5 black mambas
  4 meliai
  14 cane toads
  2 gargoyles
  A guardian serpent (Lair:2)
  An orange demon (Lair:5)
  2 unseen horrors (D:11)
  6 komodo dragons
  A yaktaur (D:15)
  An efreet (D:14)
  A komodo dragon (shapeshifter) (D:14)
  7 rime drakes
  2 ice devils (Lair:5)
  3 red devils (Lair:5)
  A hornet (D:7)
  8 trolls
  8 polar bears
  A hellwing (Lair:5)
  7 blink frogs
  A snapping turtle (Lair:3)
  8 dream sheep
  A water elemental (Lair:3)
  A vampire (D:12)
  7 wraiths
  3 wyverns
  3 shadows
  54 yaks
  4 basilisks
  3 humans (D:13)
  6 wargs
  9 vampire mosquitoes
  3 acid dragons (D:11)
  A water moccasin (shapeshifter) (D:13)
  19 water moccasins
  3 hell hounds (Lair:5)
  31 orc warriors
  2 black bears
  2 sky beasts
  18 ogres
  15 wolves
  5 boggarts (D:14)
  6 centaurs
  A phantom (D:6)
  A kobold brigand (D:7)
  4 gnoll sergeants
  9 bullfrogs
  3 scorpions
  8 wights
  A hornet simulacrum (D:14)
  10 killer bees
  8 electric eels
  4 howler monkeys
  2 bombardier beetles (D:6)
  6 jellies
  2 gnoll boudas (D:7)
  28 orc priests
  8 hounds
  4 iguanas
  A sleepcap (D:4)
  24 orc wizards
  Robin (D:2)
  31 gnolls
  8 adders
  A white imp (D:7)
  2 ufetubi (D:6)
  4 dart slugs
  3 ribbon worms
  105 orcs
  5 endoplasms
  3 giant cockroaches
  35 goblins
  14 hobgoblins
  7 quokkas
  8 ball pythons
  5 bats
  4 frilled lizards
  19 kobolds
  8 rats (D:1)
  A butterfly (Lair:1)
762 creatures vanquished.

Vanquished Creatures (collateral kills)
  An orc warlord (Orc:2)
  An orc high priest (Orc:2)
  An orc sorcerer (Orc:2)
  An orc priest (Orc:2)
  An orc wizard (Orc:2)
  6 orcs (Orc:2)
11 creatures vanquished.

Grand Total: 773 creatures vanquished

Notes
Turn   | Place    | Note
-------+----------+-------------------------------------------
     0 | D:1      | brinewave the Minotaur Berserker began the quest for the
                  | Orb.
     0 | D:1      | Reached XP level 1. HP: 19/19 MP: 0/0
   155 | D:1      | Reached skill level 4 in Axes
   155 | D:1      | Reached XP level 2. HP: 27/27 MP: 1/1
   557 | D:1      | Reached XP level 3. HP: 33/33 MP: 2/2
   581 | D:1      | Reached ** piety under Trog
   890 | D:2      | Noticed Robin
   895 | D:2      | Killed Robin
   904 | D:2      | Reached XP level 4. HP: 29/41 MP: 3/3
  1006 | D:2      | Reached skill level 5 in Axes
  1750 | D:3      | Reached XP level 5. HP: 47/47 MP: 4/4
  1941 | D:3      | Reached *** piety under Trog
  1991 | D:3      | Found a blossoming altar of Fedhas.
  2201 | D:3      | Reached skill level 6 in Axes
  2204 | D:3      | Reached skill level 5 in Fighting
  2459 | D:3      | Found a runed translucent door.
  2460 | D:3      | Noticed Crazy Yiuf
  2758 | D:4      | Noticed an ogre
  2771 | D:4      | Killed an ogre
  2772 | D:4      | Reached XP level 6. HP: 34/56 MP: 5/5
  2994 | D:4      | Reached skill level 7 in Axes
  3174 | D:4      | Found a basalt altar of Yredelemnul.
  3188 | D:4      | Reached skill level 5 in Armour
  3188 | D:4      | Reached XP level 7. HP: 60/62 MP: 6/6
  3500 | D:5      | Entered Level 5 of the Dungeon
  3518 | D:5      | Found a staircase to the Ecumenical Temple.
  3605 | Temple   | Entered the Ecumenical Temple
  3863 | D:5      | Reached skill level 8 in Axes
  4069 | D:5      | Reached **** piety under Trog
  4692 | D:6      | Reached XP level 8. HP: 41/71 MP: 7/7
  4831 | D:6      | Reached skill level 9 in Axes
  5113 | D:6      | Reached skill level 10 in Axes
  5117 | D:6      | Found a hide-covered altar of Uskayaw.
  5179 | D:6      | Found a bloodstained altar of Trog.
  5250 | D:6      | Reached ***** piety under Trog
  5418 | D:6      | Identified the +2 quarterstaff of Tortfeasance {speed,
                  | Dex+5}
  5961 | D:7      | Reached XP level 9. HP: 51/81 MP: 8/8
  6190 | D:7      | Noticed Pikel
  6205 | D:7      | Killed Pikel
  6206 | D:7      | Reached skill level 11 in Axes
  6555 | D:7      | Received a gift from Trog
  6656 | D:7      | Noticed a cyclops
  6663 | D:7      | Killed a cyclops
  6664 | D:7      | Reached skill level 12 in Axes
  6854 | D:7      | Found a glowing silver altar of Zin.
  7214 | D:8      | Noticed a troll
  7225 | D:8      | Reached XP level 10. HP: 79/91 MP: 9/9
  7241 | D:8      | Found a staircase to the Lair.
  7536 | D:8      | Reached skill level 13 in Axes
  7550 | D:8      | Reached skill level 10 in Fighting
  7877 | D:9      | Reached skill level 10 in Armour
  7919 | D:9      | Noticed a two-headed ogre
  7926 | D:9      | Killed a two-headed ogre
  7927 | D:9      | Reached skill level 14 in Axes
  8206 | D:9      | Noticed a skeletal warrior
  8215 | D:9      | Noticed a skeletal warrior
  8217 | D:9      | Killed a skeletal warrior
  8218 | D:9      | Reached XP level 11. HP: 78/101 MP: 10/10
  8219 | D:9      | Noticed a skeletal warrior
  8220 | D:9      | Noticed a skeletal warrior
  8367 | D:9      | Killed a skeletal warrior
  8408 | D:9      | Killed a skeletal warrior
  8461 | D:9      | Noticed a skeletal warrior
  8474 | D:9      | Killed a skeletal warrior
  8475 | D:9      | Reached skill level 15 in Axes
  8541 | D:10     | Entered Level 10 of the Dungeon
  8555 | D:10     | Found a transporter.
  8557 | D:10     | Found a transporter.
  8561 | D:10     | Noticed Agrajag's ghost (journeyman DjCK)
  8958 | D:10     | Found a burning altar of Makhleb.
  8958 | D:10     | Noticed a blizzard demon
  9311 | D:11     | HP: 3/103 [electric eel/bolt of electricity (9)]
 10041 | D:11     | Reached skill level 16 in Axes
 10155 | D:11     | Received a gift from Trog
 10234 | D:11     | Noticed a two-headed ogre
 10243 | D:11     | Killed a two-headed ogre
 10436 | D:11     | Noticed a cyan ugly thing
 10445 | D:11     | Killed a cyan ugly thing
 10446 | D:11     | Reached XP level 12. HP: 66/113 MP: 11/11
 10575 | D:11     | Found a staircase to the Orcish Mines.
 10870 | Lair:1   | Entered Level 1 of the Lair of Beasts
 11034 | Lair:1   | Reached skill level 17 in Axes
 11844 | Lair:2   | Noticed a seven-headed hydra
 11850 | Lair:2   | Killed a seven-headed hydra
 12176 | Lair:2   | Reached skill level 18 in Axes
 12264 | Lair:2   | Found a staircase to the Snake Pit.
 12296 | Lair:2   | Noticed a six-headed hydra
 12304 | Lair:2   | Killed a six-headed hydra
 12740 | Lair:3   | Noticed an eight-headed hydra
 12747 | Lair:3   | Killed an eight-headed hydra
 13139 | Lair:3   | Reached XP level 13. HP: 117/123 MP: 12/12
 13146 | Lair:3   | Reached ****** piety under Trog
 13354 | Lair:3   | Found a staircase to the Shoals.
 13619 | Lair:4   | Reached skill level 19 in Axes
 13870 | Lair:4   | Found a staircase to the Slime Pits.
 14093 | Lair:4   | Received a gift from Trog
 14110 | Lair:4   | Noticed Urug
 14114 | Lair:4   | Killed Urug
 14441 | Lair:4   | Reached skill level 20 in Axes
 14525 | Lair:5   | Entered Level 5 of the Lair of Beasts
 14641 | Lair:5   | Reached skill level 15 in Fighting
 14810 | Lair:5   | Reached XP level 14. HP: 128/135 MP: 13/13
 15029 | Lair:5   | Reached skill level 15 in Armour
 15261 | Lair:5   | Received a gift from Trog
 15279 | Lair:5   | Found a burning altar of Makhleb.
 15322 | Lair:5   | Reached skill level 21 in Axes
 15377 | Lair:5   | Found a gateway to Hell.
 16018 | Orc:1    | Entered Level 1 of the Orcish Mines
 16189 | Orc:1    | Noticed an orc warlord
 16201 | Orc:1    | Killed an orc warlord
 16543 | Orc:2    | Entered Level 2 of the Orcish Mines
 16791 | Orc:2    | Found Locig's Magic Scroll Emporium.
 16804 | Orc:2    | Bought a scroll of fog for 60 gold pieces
 16804 | Orc:2    | Bought a scroll of enchant armour for 112 gold pieces
 16804 | Orc:2    | Bought a scroll of enchant armour for 112 gold pieces
 17014 | Orc:2    | Received a gift from Trog
 17143 | Orc:2    | Noticed an orc warlord
 17176 | Orc:2    | Killed an orc warlord
 17180 | Orc:2    | HP: 5/137 [orc warrior/+0 short sword[an orc warlord] (6)]
 17510 | Orc:2    | Found Culeppom's General Store.
 17519 | Orc:2    | Bought a potion of heal wounds for 70 gold pieces
 17519 | Orc:2    | Bought a potion of degeneration for 14 gold pieces
 17613 | Orc:2    | Received a gift from Trog
 17698 | Orc:2    | Found a staircase to the Elven Halls.
 17916 | Orc:2    | Found Qiveasch's Antique Armour Emporium.
 17933 | Orc:2    | Found Odder's Antique Weapon Shoppe.
 17943 | Orc:2    | Bought a masterwork hand axe for 272 gold pieces
 17943 | Orc:2    | Identified the +2 hand axe "Ezeqodul" {flame, rF++ rC+}
                  | (You bought it in a shop on level 2 of the Orcish Mines)
 17943 | Orc:2    | Bought a glowing executioner's axe for 442 gold pieces
 17950 | Orc:2    | Bought a pair of ancient gloves for 323 gold pieces
 17950 | Orc:2    | Identified the +0 pair of gloves of Macaroni {rN++} (You
                  | bought it in a shop on level 2 of the Orcish Mines)
 17950 | Orc:2    | Bought a faintly glowing cloak for 323 gold pieces
 17950 | Orc:2    | Identified the +2 cloak "Suas" {rElec rF- rC+++ Dex-5} (You
                  | bought it in a shop on level 2 of the Orcish Mines)
 17993 | Orc:2    | Found Nyesch's Assorted Antiques.
 18088 | Orc:1    | Reached skill level 22 in Axes
 19214 | D:13     | Reached XP level 15. HP: 108/145 MP: 14/14
 19253 | D:13     | Noticed Josephine
 19253 | D:13     | Noticed Lodul
 19259 | D:13     | Killed Josephine
 19262 | D:13     | Killed Lodul
 19697 | D:13     | Noticed Frances
 19704 | D:13     | Killed Frances
 19815 | D:13     | Found a gate to the Vaults.
 19826 | D:13     | Received a gift from Trog
 20467 | D:14     | Noticed Snorg
 20473 | D:14     | Killed Snorg
 20503 | D:14     | Reached skill level 23 in Axes
 20631 | D:15     | Entered Level 15 of the Dungeon
 20670 | D:15     | Noticed a fire giant
 20671 | D:15     | Found a staircase to the Depths.
 20726 | D:15     | Killed a fire giant
 20808 | D:14     | HP: 5/147 [meliai/+0 hand axe (5)]
 20808 | D:14     | HP: 1/147 [meliai/+0 hand axe (2)]
 20810 | D:14     | Killed from afar by a meliai

Illustrated notes

Levels and vault maps discovered:
D:1:      dpeg_arrival_erosion, layout_loops_ring, st_stairs_12,
          minmay_rat_gold_closets
D:2:      layout_loops_ring, serial_forest, infiniplex_forest_clump_small,
          infiniplex_forest_lined_3_way, infiniplex_forest_lined_2,
          infiniplex_forest_clump_diagonal, infiniplex_forest_end_3,
          infiniplex_forest_end_1, uniq_robin
D:3:      layout_loops_ring, fedhas_altar_3, uniq_crazy_yiuf_cottage
D:4:      layout_loops_corners, mainiacjoe_overflow_chevrons,
          minmay_ogre_servants
D:5:      layout_loops_cross, minmay_temple_entry_slanted
D:6:      corexii_shantytown, layout_cave_pools, lightli_temple_of_fire,
          nicolae_overflow_hidden_temple, grunt_decor_junction, kennysheep_dice
D:7:      layout_basic, zin_treasury, uniq_pikel
D:8:      layout_cave_pools, erik_lair_island
D:9:      statuecave_lemuel, layout_rooms
D:10:     layout_cave_pools, makhleb_altar_promises_db, gammafunk_ghost_hive
D:11:     minmay_four_partial_circles, layout_basic
D:12:     layout_loops_ring, minivault_15
D:13:     layout_basic, hellmonk_vaults_keyhole, kennysheep_generic_room_7,
          uniq_josephine, uniq_frances, uniq_lodul
D:14:     layout_rooms, serial_park_tiny_1, uniq_snorg
D:15:     grunt_enter_depths_giant_problem, layout_cave_pools, serial_shops,
          shop, gammafunk_ghost_stat_death, grunt_decor_one_mirror,
          guppyfry_shop_venom, uniq_louise
Temple:   regret_index_temple_sphere_string
Lair:1:   layout_long_grid, dreamdust_mushroom_princess, lemuel_fruit_fields,
          serial_bayou_shore_a
Lair:2:   layout_regular_city, minmay_snake_entry_spellcaster,
          cheibrodos_lair_lostbears
Lair:3:   layout_hall_layers, minmay_shoals_entry_hut
Lair:4:   layout_loops_ring, nicolae_slime_entry_field_trip, uniq_urug
Lair:5:   evil_forest, layout_gridlike, serial_rivers,
          chequers_serial_rivers_large_b, chequers_serial_rivers_small_b,
          chequers_serial_rivers_micro_c, chequers_serial_rivers_large_a,
          chequers_serial_rivers_room_b
Orc:1:    layout_diamond_mine
Orc:2:    grunt_orc_community_town_hall, layout_caves,
          grunt_orc_community_big_house_1, grunt_orc_community_big_house_1,
          grunt_orc_community_house_3, grunt_orc_community_house_2,
          grunt_orc_community_house_3, grunt_orc_community_house_2,
          grunt_orc_community_house_2, grunt_orc_community_house_3,
          serial_shops, shop, nicolae_orc_seminary

Skill      XL: |  1  2  3  4  5  6  7  8  9 10 11 12 13 14 15 |
---------------+----------------------------------------------+-----
Axes           | 4 5 6 7 8 10 12 14 16 18 20 22 23 | 23.2
Fighting       | 4 5 6 8 9 10 12 13 15 16 17 | 17.2
Armour         | 3 4 5 6 7 9 10 12 13 14 16 17 | 17.0
Dodging        | |  2.1

Action                     |  1- 3 |  4- 6 |  7- 9 | 10-12 | 13-15 || total
---------------------------+-------+-------+-------+-------+-------++-------
  Melee: Hand axe          |    87 |   134 |   116 |       |       ||   337
         Headbutt          |     9 |    21 |    47 |    56 |   116 ||   249
         Punch             |     1 |       |       |     1 |     1 ||     3
         Battleaxe         |       |       |   132 |   210 |       ||   342
         Executioner's axe |       |       |       |   115 |   643 ||   758
         Flail             |       |       |       |    15 |     7 ||    22
  Throw: Dart              |       |       |     3 |     2 |       ||     5
         Boomerang         |       |       |       |     7 |       ||     7
         Javelin           |       |       |       |     3 |       ||     3
         Throwing net      |       |       |       |     1 |       ||     1
 Invoke: Berserk           |       |     2 |     2 |       |     1 ||     5
         Trog's Hand       |       |       |       |     1 |     1 ||     2
         Brothers in Arms  |       |       |       |       |     3 ||     3
    Use: Scroll            |     2 |     3 |     5 |    10 |     7 ||    27
         Potion            |       |       |       |       |     3 ||     3
   Stab: Sleeping          |     1 |       |       |       |       ||     1
         Petrified         |       |       |       |       |     1 ||     1
 Armour: Animal skin       |    28 |       |       |       |       ||    28
         Scale mail        |    17 |    84 |   157 |       |       ||   258
         Plate armour      |       |       |    49 |   523 |   886 ||  1458
  Dodge: Dodged            |    42 |    49 |   104 |   184 |   338 ||   717
